 Dungeon Crawl Stone Soup version 0.30-a0-165-g1891117ce2 (webtiles) character file.

Game seed: 11187400132915543654

20 qw the Shield-Bearer (level 2, -2/19 HPs)
             Began as a Gargoyle Fighter on Sept 28, 2022.
             Slain by a gnoll
             ... wielding a +0 spear
              (8 damage)
             ... on level 2 of the Dungeon.
             The game lasted 00:00:20 (1107 turns).

qw the Shield-Bearer (Gargoyle Fighter)             Turns: 1107, Time: 00:00:20

Health: -2/19      AC: 14    Str: 19    XL:     2   Next: 79%
Magic:  2/2        EV:  5    Int:  8    God:
Gold:   66         SH:  4    Dex:  9    Spells: 1/1 levels left

rFire   + . .      SeeInvis .    Y - +0 war axe
rCold   . . .      Faith    .    c - +0 buckler
rNeg    + . .      Spirit   .    j - +0 plate armour
rPois   inf        Reflect  .    (no helmet)
rElec   +          Harm     .    (no cloak)
rCorr   .          Rampage  .    (no gloves)
Will    .....                    (no boots)
Stlth   ..........               (no amulet)
HPRegen 0.06/turn                g - ring of protection from fire
MPRegen 0.08/turn                (no ring)

@: no status effects
A: sickness immunity, AC +2, negative energy resistance 1, electricity
resistance, torment resistance 1, petrification resistance
a: no special abilities


You were on level 2 of the Dungeon.
You visited 1 branch of the dungeon, and saw 2 of its levels.

You collected 66 gold pieces.


Innate Abilities, Weirdness & Mutations

You are immune to sickness and miasma.
Your stone body is resilient. (AC +2)
You are immune to poison.
You resist negative energy. (rN+)
You are resistant to electric shocks. (rElec)
You are resistant to unholy torment.
You are immune to petrification.


   Skills:
 - Level 3.2 Fighting
 + Level 2.9 Axes
 - Level 3.2 Armour
 - Level 3.2 Shields


You had one spell level left.
You didn't know any spells.
Your spell library was empty.

Inventory:

Hand Weapons
 e - a +0 whip
 Y - a +0 war axe (weapon)
Armour
 c - a +0 buckler (worn)
 j - a +0 plate armour (worn)
Jewellery
 g - a ring of protection from fire (left hand)
Scrolls
 a - a scroll of amnesia {unknown}
 i - 2 scrolls of identify
Potions
 d - a potion of might

Dungeon Overview and Level Annotations

Branches:
Dungeon (2/15)

Altars:

Shops:
D:1 ?


Message History

You block the goblin's attack.
You slash the goblin!
You kill the goblin!
The giant cockroach bites you but does no damage.
You hit the giant cockroach but do no damage.
The giant cockroach bites you but does no damage.
You closely miss the giant cockroach.
The giant cockroach barely misses you. x2
You hit the giant cockroach.
You kill the giant cockroach!
Things that are here:
a +0 dagger; a goblin corpse
Found a dagger.
Found a stone staircase leading down.
a - a scroll labelled HANA MOEBBEBB 3 gnolls and an adder come into view.
The gnoll shouts! x3
The adder moves out of view.
You see here a scroll labelled GAUMNU POOGAOMA.
Enter note:
1101 ||| Stepping ~*~*~tactically~*~*~ (hiding).
You start waiting.
A gnoll is nearby!
The gnoll hits you but does no damage. x2
You see here a scroll labelled GAUMNU POOGAOMA.
The gnoll hits you but does no damage. x2
You slash the gnoll!
The gnoll is severely wounded.
You slash the gnoll! The gnoll hits you with a +0 spear.
The gnoll hits you but does no damage.
You hit the gnoll.
The gnoll is almost dead.
You hit the gnoll. The gnoll hits you with a +0 spear.
You hit the gnoll but do no damage.
The gnoll is almost dead.
You hit the gnoll. You barely miss the gnoll.
The gnoll hits you but does no damage. The gnoll hits you with a +0 flail!
The gnoll hits you with a +0 spear. The gnoll hits you with a +0 spear!
You die...

#...# #.......
##.#.###..>..#
#...........####
#..#............
#..#.#.#...####
####..#.#.#...#
#)).....#.#...#
#.##..#.#.#..?####.###
#.##..........@gS.....
#.##.##.......gg......
###.##.####...#.####.###
#...<..# #...... ..
#.#.#...........# #
#...........#####
#.#.#.......
#.....###### # #.#.#


You could see 3 gnolls and an adder.

Vanquished Creatures
  4 ball pythons (D:1)
  3 endoplasms (D:1)
  A giant cockroach (D:2)
  3 bats (D:1)
  2 frilled lizards (D:1)
  4 goblins
  3 rats (D:1)
20 creatures vanquished.

Notes
Turn   | Place    | Note
-------+----------+-------------------------------------------
     0 | D:1      | qw the Gargoyle Fighter began the quest for the Orb.
     0 | D:1      | Reached XP level 1. HP: 14/14 MP: 1/1
     0 | D:1      | 0 ||| qw: Version: 0.2-a-12-gaebbb33
     0 | D:1      | 0 ||| qw: Game counter: 766
     0 | D:1      | 0 ||| qw: Always use a shield: true
     0 | D:1      | 0 ||| qw: God list: Okawaru
     0 | D:1      | 0 ||| qw: Allow faded altars: false
     0 | D:1      | 0 ||| qw: Do Orc after D:15 true
     0 | D:1      | 0 ||| qw: Do second Lair branch before Depths: true
     0 | D:1      | 0 ||| qw: Lair rune preference: random
     0 | D:1      | 0 ||| qw: Plans: Normal, Zot:1-4, God:TSO, Crypt, Tomb,
                  | Pan, Slime:5, Hells, Abyss, Orb
     0 | D:1      | 0 ||| PLANNING D:1-11
   154 | D:1      | Found Fothrepyd's Magic Scroll Shoppe.
   163 | D:1      | 163 ||| SHOPLISTING scroll of identify (24 gold, have 16).
   163 | D:1      | 163 ||| SHOPLISTING scroll of teleportation (36 gold, have
                  | 16).
   175 | D:1      | Reached XP level 2. HP: 19/19 MP: 2/2
   378 | D:1      | 378 ||| Stepping ~*~*~tactically~*~*~ (stealth).
   968 | D:1      | 968 ||| UPGRADING to +0 plate armour.
   978 | D:1      | 978 ||| DROPPING +0 scale mail.
   979 | D:1      | 979 ||| UPGRADING to ring of protection from fire.
   980 | D:1      | 980 ||| READING scroll labelled MAQASS ITUTS.
  1026 | D:1      | 1026 ||| READING 3 scrolls labelled JICVOAMPAM.
  1027 | D:1      | 1027 ||| READING 4 scrolls labelled JIPLEMOUKK.
  1028 | D:1      | 1028 ||| READING 3 scrolls of identify.
  1028 | D:1      | 1028 ||| IDENTIFYING fuming cyan potion
  1029 | D:1      | 1029 ||| DROPPING 2 scrolls of immolation.
  1030 | D:1      | 1030 ||| DROPPING potion of degeneration.
  1101 | D:2      | 1101 ||| Stepping ~*~*~tactically~*~*~ (hiding).
  1107 | D:2      | Slain by a gnoll

Levels and vault maps discovered:
D:1:      roderic_chinese_lattice_arrival, layout_basic, serial_shops, shop,
          minmay_cupped
D:2:      layout_loops_ring, uniq_terence

Skill      XL: |  1 |
---------------+----+-----
Axes           | 2 |  2.9
Fighting       | |  3.2
Armour         | |  3.2
Shields        | |  3.2

Action                   || total
-------------------------++-------
Melee: War axe           ||    49
  Use: Scroll            ||     4
Armor: Scale mail        ||    22
       Plate armour      ||     8
Dodge: Dodged            ||    24
Block: Buckler           ||     5

Table legend:
 A = Non-vault XP
 B = Vault XP
 C = Vault XP percentage of total XP
 D = Non-vault monster count
 E = Vault monster count
 F = Vault count percentage of total count
                 A         B        C        D         E       F
            +---------+---------+-------+---------+---------+-------
      Total |      27 |       2 |   6.9 |      18 |       2 |  10.0
            +---------+---------+-------+---------+---------+-------
        D:1 |      23 |       2 |   8.0 |      16 |       2 |  11.1
        D:2 |       4 |       0 |   0.0 |       2 |       0 |   0.0
            +---------+---------+-------+---------+---------+-------
